2806 views
Uploaded 2020-01-01 17:00:06
Game version 1.32.0.4
35:34 long 4on4 ladder game on (8)Sanctuary_LV
Saved by BEARAND
2806 views
Uploaded 2020-01-01 17:00:06
Game version 1.32.0.4
35:34 long 4on4 ladder game on (8)Sanctuary_LV


300 units @ 45.7k
/ 6.2k
95 buildings @ 14.6k
/ 6.3k

| Orb of Fire | 1 | 325 |
| total: | 1 | 325g |
| Peasant | 15 | 1125 | / | 0 |
| Footman | 7 | 945 | / | 0 |
| Priest | 7 | 945 | / | 70 |
| Knight | 12 | 2940 | / | 720 |
| Siege Engine | 9 | 1755 | / | 540 |
| total: | 50 | 7710g | / | 1330w |
| Scout Tower | 3 | 90 | / | 60 |
| Guard Tower | 3 | 210 | / | 150 |
| Farm | 13 | 1040 | / | 260 |
| Altar of Kings | 1 | 180 | / | 50 |
| Barracks | 2 | 320 | / | 120 |
| Lumber Mill | 1 | 120 | / | 0 |
| Blacksmith | 2 | 280 | / | 120 |
| Arcane Vault | 1 | 130 | / | 30 |
| Town Hall | 1 | 385 | / | 205 |
| Arcane Sanctum | 1 | 150 | / | 140 |
| Workshop | 4 | 560 | / | 560 |
| Keep | 1 | 320 | / | 210 |
| Castle | 1 | 360 | / | 210 |
| total: | 29 | 3255g | / | 1545w |
| 0:08 | Peasant |
| 0:17 | Peasant |
| 0:24 | Farm |
| 0:30 | Altar of Kings |
| 0:41 | Peasant |
| 1:07 | Farm |
| 1:09 | Peasant |
| 1:26 | Barracks |
| 1:46 | Scout Tower |
| 1:54 | Peasant |
| 1:54 | Peasant |
| 2:17 | Farm |
| 2:20 | Peasant |
| 2:28 | Lumber Mill |
| 2:30 | Footman |
| 2:38 | Barracks |
| 2:41 | Peasant |
| 2:54 | Footman |
| 3:08 | Footman |
| 3:17 | Peasant |
| 3:34 | Blacksmith |
| 3:46 | Holy Light |
| 3:51 | Footman |
| 4:02 | Keep |
| 4:23 | Defend |
| 4:32 | Farm |
| 5:23 | Farm |
| 5:25 | Footman |
| 5:27 | Guard Tower |
| 5:40 | Devotion Aura |
| 5:53 | Footman |
| 6:03 | Farm |
| 6:17 | Footman |
| 6:20 | Iron Forged Swords |
| 6:20 | Iron Plating |
| 6:27 | Improved Lumber Harvesting |
| 7:20 | Divine Shield |
| 7:41 | Arcane Vault |
| 7:43 | Castle |
| 7:52 | Arcane Sanctum |
| 8:14 | Town Hall |
| 8:22 | Scout Tower |
| 8:31 | Steel Forged Swords |
| 9:16 | Guard Tower |
| 9:18 | Scout Tower |
| 9:35 | Priest |
| 9:36 | Priest Adept Training |
| 9:40 | Farm |
| 10:21 | Orb of Fire |
| 10:26 | Advanced Lumber Harvesting |
| 10:27 | Animal War Training |
| 10:36 | Peasant |
| 10:36 | Peasant |
| 10:39 | Guard Tower |
| 11:02 | Steel Plating |
| 12:07 | Knight |
| 12:07 | Knight |
| 12:07 | Knight |
| 12:35 | Farm |
| 12:36 | Farm |
| 12:38 | Farm |
| 12:39 | Farm |
| 12:43 | Peasant |
| 12:43 | Peasant |
| 12:50 | Peasant |
| 12:50 | Peasant |
| 13:42 | Priest Master Training |
| 13:43 | Priest |
| 13:43 | Priest |
| 13:44 | Priest |
| 13:44 | Priest |
| 13:47 | Devotion Aura |
| 13:49 | Knight |
| 14:09 | Mithril Plating |
| 15:23 | Priest |
| 15:23 | Priest |
| 15:25 | Knight |
| 15:25 | Knight |
| 15:30 | Farm |
| 15:31 | Farm |
| 17:15 | Knight |
| 17:16 | Knight |
| 17:16 | Knight |
| 17:16 | Knight |
| 19:04 | Knight |
| 19:05 | Knight |
| 19:07 | Mithril Forged Swords |
| 20:54 | Workshop |
| 20:57 | Workshop |
| 21:03 | Workshop |
| 22:01 | Black Gunpowder |
| 22:01 | Studded Leather Armor |
| 22:08 | Workshop |
| 22:18 | Barrage |
| 22:19 | Siege Engine |
| 22:19 | Siege Engine |
| 23:27 | Siege Engine |
| 23:53 | Blacksmith |
| 24:14 | Refined Gunpowder |
| 25:20 | Siege Engine |
| 25:21 | Siege Engine |
| 26:28 | Siege Engine |
| 26:29 | Siege Engine |
| 27:09 | Flare |
| 27:09 | Fragmentation Shards |
| 28:23 | Siege Engine |
| 28:23 | Siege Engine |
| 28:49 | Imbued Gunpowder |
| Right click | 1082 |
| Select | 371 |
| Select group | 208 |
| Build/train/purchase | 97 |
| Misc. action | 68 |
| Assign group | 34 |
| Use ability | 17 |
| Esc | 7 |
| Item give/drop | 1 |

| Wisp | 21 | 1260 | / | 0 |
| Archer | 44 | 5720 | / | 440 |
| Hippogryph | 18 | 2880 | / | 360 |
| Druid of the Talon | 6 | 870 | / | 120 |
| Huntress | 5 | 975 | / | 100 |
| total: | 94 | 11705g | / | 1020w |
| Moon Well | 8 | 1440 | / | 320 |
| Altar of Elders | 1 | 180 | / | 50 |
| Ancient of War | 2 | 300 | / | 120 |
| Hunter's Hall | 1 | 210 | / | 100 |
| Tree of Life | 1 | 340 | / | 185 |
| Ancient of Wind | 2 | 300 | / | 280 |
| Tree of Ages | 1 | 320 | / | 180 |
| Tree of Eternity | 1 | 330 | / | 200 |
| total: | 15 | 2770g | / | 1055w |
| 0:06 | Wisp |
| 0:07 | Wisp |
| 0:09 | Moon Well |
| 0:11 | Altar of Elders |
| 0:13 | Wisp |
| 0:38 | Ancient of War |
| 0:46 | Wisp |
| 1:04 | Wisp |
| 1:06 | Wisp |
| 1:28 | Moon Well |
| 1:42 | Archer |
| 1:47 | Wisp |
| 2:02 | Wisp |
| 2:14 | Moon Well |
| 2:18 | Immolation |
| 2:36 | Ancient of War |
| 2:38 | Archer |
| 3:04 | Hunter's Hall |
| 3:46 | Evasion |
| 3:56 | Archer |
| 3:58 | Archer |
| 4:01 | Moon Well |
| 4:22 | Tree of Ages |
| 4:37 | Archer |
| 5:31 | Archer |
| 5:31 | Archer |
| 5:36 | Strength of the Moon |
| 6:21 | Tree of Life |
| 6:40 | Moon Armor |
| 7:21 | Archer |
| 7:21 | Archer |
| 7:24 | Wisp |
| 7:37 | Immolation |
| 7:43 | Ancient of Wind |
| 8:03 | Wisp |
| 8:03 | Wisp |
| 8:06 | Archer |
| 8:42 | Wisp |
| 8:42 | Wisp |
| 8:43 | Wisp |
| 8:43 | Wisp |
| 8:43 | Wisp |
| 8:44 | Wisp |
| 8:50 | Ancient of Wind |
| 9:13 | Improved Bows |
| 9:33 | Archer |
| 9:35 | Hippogryph |
| 9:41 | Wisp |
| 9:46 | Improved Moon Armor |
| 10:00 | Hippogryph |
| 10:07 | Wisp |
| 10:09 | Wisp |
| 10:19 | Moon Well |
| 10:29 | Moon Well |
| 10:53 | Moon Well |
| 10:57 | Moon Well |
| 11:11 | Improved Strength of the Moon |
| 11:39 | Hippogryph |
| 11:41 | Hippogryph |
| 11:44 | Hippogryph |
| 11:52 | Hippogryph |
| 12:52 | Archer |
| 12:53 | Archer |
| 12:54 | Hippogryph |
| 13:19 | Tree of Eternity |
| 13:59 | Hippogryph |
| 14:01 | Hippogryph |
| 14:02 | Hippogryph |
| 14:04 | Archer |
| 17:00 | Hippogryph |
| 17:01 | Hippogryph |
| 17:02 | Archer |
| 17:02 | Archer |
| 18:05 | Archer |
| 18:06 | Archer |
| 18:07 | Archer |
| 18:08 | Archer |
| 18:44 | Hippogryph |
| 18:45 | Hippogryph |
| 20:23 | Archer |
| 20:24 | Archer |
| 20:24 | Archer |
| 20:26 | Hippogryph |
| 20:58 | Evasion |
| 21:41 | Archer |
| 21:41 | Archer |
| 21:43 | Hippogryph |
| 21:46 | Advanced Strength of the Moon |
| 23:12 | Hippogryph |
| 23:14 | Archer |
| 23:29 | Advanced Moon Armor |
| 25:26 | Druid of the Talon |
| 25:28 | Archer |
| 25:28 | Archer |
| 25:28 | Archer |
| 25:29 | Archer |
| 25:30 | Huntress |
| 25:30 | Huntress |
| 25:30 | Huntress |
| 26:42 | Hippogryph |
| 26:43 | Archer |
| 26:43 | Archer |
| 26:45 | Archer |
| 26:45 | Archer |
| 26:56 | Druid of the Talon |
| 26:56 | Druid of the Talon |
| 26:58 | Druid of the Talon |
| 27:11 | Druid of the Talon |
| 27:50 | Huntress |
| 27:51 | Huntress |
| 27:56 | Archer |
| 27:56 | Archer |
| 27:56 | Archer |
| 27:56 | Archer |
| 27:59 | Archer |
| 27:59 | Archer |
| 27:59 | Archer |
| 28:00 | Archer |
| 28:18 | Archer |
| 28:36 | Druid of the Talon |
| 28:40 | Archer |
| 32:28 | Wisp |
| Right click | 582 |
| Select | 404 |
| Build/train/purchase | 131 |
| Resource trade | 21 |
| Use ability | 6 |
| Remove unit | 5 |
| Item give/drop | 1 |

| Scroll of Town Portal | 2 | 700 |
| total: | 2 | 700g |
| Wisp | 23 | 1380 | / | 0 |
| Archer | 15 | 1950 | / | 150 |
| Huntress | 15 | 2925 | / | 300 |
| Hippogryph | 17 | 2720 | / | 340 |
| Chimaera | 13 | 4290 | / | 910 |
| Goblin Shredder | 1 | 375 | / | 100 |
| total: | 84 | 13640g | / | 1800w |
| Ancient Protector | 4 | 540 | / | 320 |
| Altar of Elders | 1 | 180 | / | 50 |
| Moon Well | 8 | 1440 | / | 320 |
| Ancient of War | 2 | 300 | / | 120 |
| Hunter's Hall | 1 | 210 | / | 100 |
| Tree of Life | 3 | 1020 | / | 555 |
| Ancient of Wonders | 1 | 90 | / | 30 |
| Ancient of Wind | 2 | 300 | / | 280 |
| Chimaera Roost | 2 | 280 | / | 380 |
| Tree of Ages | 1 | 320 | / | 180 |
| Tree of Eternity | 1 | 330 | / | 200 |
| total: | 24 | 4360g | / | 2155w |
| 0:04 | Wisp |
| 0:04 | Wisp |
| 0:04 | Wisp |
| 0:10 | Wisp |
| 0:16 | Altar of Elders |
| 0:30 | Moon Well |
| 0:34 | Wisp |
| 0:34 | Wisp |
| 0:34 | Wisp |
| 0:54 | Ancient of War |
| 1:06 | Wisp |
| 1:10 | Wisp |
| 1:28 | Wisp |
| 1:39 | Moon Well |
| 1:56 | Archer |
| 1:57 | Archer |
| 2:20 | Ancient of War |
| 2:25 | Searing Arrows |
| 2:47 | Moon Well |
| 3:22 | Wisp |
| 3:28 | Archer |
| 3:28 | Archer |
| 4:02 | Hunter's Hall |
| 4:13 | Moon Well |
| 4:16 | Archer |
| 4:16 | Archer |
| 4:25 | Tree of Ages |
| 4:57 | Archer |
| 5:17 | Tree of Life |
| 5:37 | Ancient Protector |
| 5:39 | Huntress |
| 5:39 | Huntress |
| 6:23 | Trueshot Aura |
| 6:26 | Huntress |
| 6:31 | Huntress |
| 6:54 | Moon Glaive |
| 6:54 | Huntress |
| 7:27 | Trueshot Aura |
| 7:36 | Huntress |
| 7:42 | Ancient of Wind |
| 7:53 | Goblin Shredder |
| 8:04 | Archer |
| 8:05 | Improved Bows |
| 8:09 | Wisp |
| 8:09 | Wisp |
| 8:38 | Ancient of Wind |
| 8:47 | Archer |
| 8:52 | Hippogryph |
| 9:34 | Archer |
| 9:37 | Moon Armor |
| 9:37 | Strength of the Moon |
| 9:37 | Reinforced Hides |
| 9:43 | Tree of Eternity |
| 10:22 | Tree of Life |
| 11:03 | Archer |
| 11:04 | Hippogryph |
| 11:04 | Hippogryph |
| 11:22 | Searing Arrows |
| 11:25 | Hippogryph |
| 11:30 | Tree of Life |
| 12:37 | Marksmanship |
| 12:52 | Moon Well |
| 12:56 | Nature's Blessing |
| 13:37 | Wisp |
| 13:37 | Wisp |
| 13:37 | Wisp |
| 13:37 | Wisp |
| 13:37 | Wisp |
| 13:46 | Wisp |
| 13:56 | Wisp |
| 13:57 | Wisp |
| 13:57 | Wisp |
| 14:00 | Hippogryph |
| 14:02 | Archer |
| 14:03 | Improved Strength of the Moon |
| 14:04 | Improved Moon Armor |
| 14:04 | Improved Reinforced Hides |
| 14:05 | Strength of the Wild |
| 14:06 | Ultravision |
| 14:06 | Well Spring |
| 14:18 | Chimaera Roost |
| 14:28 | Chimaera Roost |
| 14:35 | Archer |
| 14:42 | Moon Well |
| 14:55 | Ancient Protector |
| 15:02 | Wisp |
| 15:24 | Ancient Protector |
| 15:46 | Ancient of Wonders |
| 15:49 | Chimaera |
| 15:50 | Chimaera |
| 16:30 | Moon Well |
| 16:35 | Hippogryph |
| 16:42 | Corrosive Breath |
| 17:41 | Archer |
| 17:41 | Archer |
| 17:48 | Hippogryph |
| 17:48 | Hippogryph |
| 18:10 | Huntress |
| 18:10 | Huntress |
| 18:22 | Hippogryph |
| 18:23 | Chimaera |
| 18:47 | Chimaera |
| 19:03 | Chimaera |
| 19:24 | Chimaera |
| 19:54 | Chimaera |
| 19:55 | Chimaera |
| 19:56 | Hippogryph |
| 20:39 | Hippogryph |
| 20:39 | Hippogryph |
| 21:06 | Chimaera |
| 21:11 | Trueshot Aura |
| 21:33 | Chimaera |
| 21:34 | Chimaera |
| 21:35 | Hippogryph |
| 21:35 | Hippogryph |
| 22:07 | Hippogryph |
| 22:07 | Hippogryph |
| 22:58 | Huntress |
| 22:59 | Huntress |
| 23:03 | Hippogryph |
| 23:17 | Advanced Strength of the Moon |
| 24:54 | Huntress |
| 25:05 | Moon Well |
| 25:27 | Advanced Reinforced Hides |
| 25:28 | Improved Strength of the Wild |
| 25:28 | Advanced Moon Armor |
| 25:47 | Huntress |
| 26:27 | Chimaera |
| 28:22 | Chimaera |
| 28:54 | Huntress |
| 28:57 | Huntress |
| 28:59 | Advanced Strength of the Wild |
| 29:22 | Ancient Protector |
| 29:42 | Scroll of Town Portal |
| 29:50 | Scroll of Town Portal |
| 30:18 | Huntress |
| Right click | 1349 |
| Select | 476 |
| Build/train/purchase | 128 |
| Select group | 61 |
| Assign group | 20 |
| Use ability | 11 |
| Minimap ping | 3 |
| Remove unit | 1 |


| Acolyte | 8 | 600 | / | 0 |
| Ghoul | 8 | 960 | / | 0 |
| Crypt Fiend | 17 | 3655 | / | 680 |
| Necromancer | 17 | 2465 | / | 340 |
| Obsidian Statue | 13 | 2600 | / | 455 |
| Abomination | 3 | 720 | / | 210 |
| Meat Wagon | 4 | 920 | / | 200 |
| Goblin Shredder | 2 | 750 | / | 200 |
| total: | 72 | 12670g | / | 2085w |
| Spirit Tower | 8 | 1160 | / | 320 |
| Nerubian Tower | 4 | 400 | / | 80 |
| Altar of Darkness | 1 | 180 | / | 50 |
| Ziggurat | 19 | 2850 | / | 950 |
| Crypt | 1 | 200 | / | 50 |
| Graveyard | 1 | 215 | / | 0 |
| Necropolis | 1 | 225 | / | 0 |
| Tomb of Relics | 1 | 130 | / | 30 |
| Temple of the Damned | 1 | 155 | / | 140 |
| Slaughterhouse | 1 | 140 | / | 135 |
| Sacrificial Pit | 1 | 75 | / | 150 |
| Halls of the Dead | 1 | 320 | / | 210 |
| Black Citadel | 1 | 325 | / | 230 |
| total: | 27 | 4170g | / | 1505w |
| 0:06 | Altar of Darkness |
| 0:17 | Ziggurat |
| 0:18 | Acolyte |
| 0:19 | Acolyte |
| 0:21 | Acolyte |
| 0:52 | Crypt |
| 1:26 | Graveyard |
| 1:34 | Ziggurat |
| 1:46 | Ziggurat |
| 2:13 | Carrion Beetles |
| 2:52 | Ghoul |
| 2:52 | Ghoul |
| 2:53 | Ghoul |
| 3:50 | Halls of the Dead |
| 4:22 | Ghoul |
| 4:22 | Crypt Fiend |
| 4:22 | Crypt Fiend |
| 5:14 | Ziggurat |
| 5:21 | Ziggurat |
| 5:33 | Spiked Carapace |
| 5:59 | Ghoul |
| 5:59 | Ghoul |
| 6:26 | Temple of the Damned |
| 6:31 | Slaughterhouse |
| 6:53 | Spirit Tower |
| 6:54 | Nerubian Tower |
| 6:55 | Spirit Tower |
| 7:55 | Goblin Shredder |
| 8:12 | Skeletal Mastery |
| 8:12 | Necromancer Adept Training |
| 8:23 | Web |
| 8:24 | Crypt Fiend |
| 8:24 | Crypt Fiend |
| 9:02 | Necromancer |
| 9:03 | Necromancer |
| 9:03 | Necromancer |
| 11:08 | Impale |
| 11:44 | Frost Armor |
| 11:44 | Frost Armor |
| 12:50 | Acolyte |
| 12:52 | Acolyte |
| 12:52 | Acolyte |
| 12:52 | Acolyte |
| 12:52 | Acolyte |
| 13:03 | Unholy Strength |
| 13:04 | Creature Carapace |
| 13:04 | Unholy Armor |
| 13:04 | Creature Attack |
| 13:06 | Spirit Tower |
| 13:07 | Spirit Tower |
| 13:49 | Necropolis |
| 14:46 | Black Citadel |
| 15:53 | Sacrificial Pit |
| 16:17 | Tomb of Relics |
| 16:23 | Improved Unholy Strength |
| 16:24 | Improved Unholy Armor |
| 16:24 | Improved Creature Carapace |
| 16:33 | Necromancer |
| 16:33 | Necromancer |
| 16:33 | Necromancer |
| 16:36 | Crypt Fiend |
| 16:36 | Crypt Fiend |
| 16:37 | Crypt Fiend |
| 16:37 | Crypt Fiend |
| 16:37 | Crypt Fiend |
| 16:37 | Crypt Fiend |
| 16:52 | Necromancer |
| 16:53 | Necromancer |
| 16:53 | Necromancer |
| 16:53 | Necromancer |
| 16:54 | Ghoul |
| 16:54 | Ghoul |
| 16:57 | Crypt Fiend |
| 17:08 | Ziggurat |
| 17:18 | Ziggurat |
| 17:20 | Ziggurat |
| 17:24 | Ziggurat |
| 18:16 | Goblin Shredder |
| 18:30 | Necromancer Master Training |
| 18:33 | Spirit Tower |
| 18:34 | Nerubian Tower |
| 18:35 | Spirit Tower |
| 18:48 | Advanced Unholy Strength |
| 18:48 | Improved Creature Attack |
| 19:37 | Spiked Carapace |
| 19:38 | Spiked Carapace |
| 20:01 | Dark Ritual |
| 20:17 | Advanced Unholy Armor |
| 20:51 | Destroyer Form |
| 22:05 | Frost Nova |
| 23:05 | Obsidian Statue |
| 23:05 | Obsidian Statue |
| 23:05 | Obsidian Statue |
| 23:05 | Obsidian Statue |
| 23:05 | Obsidian Statue |
| 23:10 | Necromancer |
| 23:10 | Necromancer |
| 23:10 | Necromancer |
| 23:11 | Necromancer |
| 23:11 | Necromancer |
| 23:13 | Burrow |
| 23:14 | Crypt Fiend |
| 23:14 | Crypt Fiend |
| 23:14 | Crypt Fiend |
| 23:14 | Crypt Fiend |
| 23:14 | Crypt Fiend |
| 23:14 | Crypt Fiend |
| 24:44 | Disease Cloud |
| 24:45 | Abomination |
| 24:45 | Abomination |
| 24:45 | Abomination |
| 24:51 | Advanced Creature Attack |
| 24:51 | Advanced Creature Carapace |
| 26:12 | Exhume Corpses |
| 26:52 | Ziggurat |
| 26:55 | Ziggurat |
| 26:57 | Ziggurat |
| 26:59 | Ziggurat |
| 27:59 | Nerubian Tower |
| 28:00 | Spirit Tower |
| 28:16 | Meat Wagon |
| 28:16 | Meat Wagon |
| 28:16 | Meat Wagon |
| 28:16 | Meat Wagon |
| 31:50 | Obsidian Statue |
| 31:50 | Obsidian Statue |
| 31:50 | Obsidian Statue |
| 31:51 | Obsidian Statue |
| 31:51 | Obsidian Statue |
| 31:51 | Obsidian Statue |
| 31:51 | Obsidian Statue |
| 31:51 | Obsidian Statue |
| 31:59 | Ziggurat |
| 32:08 | Ziggurat |
| 32:10 | Ziggurat |
| 32:12 | Ziggurat |
| 32:15 | Ziggurat |
| 32:16 | Ziggurat |
| 33:07 | Spirit Tower |
| 33:45 | Nerubian Tower |
| 34:01 | Necromancer |
| 34:01 | Necromancer |
| Right click | 986 |
| Select | 384 |
| Build/train/purchase | 136 |
| Select group | 80 |
| Use ability | 39 |
| Assign group | 11 |
| Remove unit | 3 |
| Esc | 3 |
111 units @ 10.5k
/ 1.1k
371 buildings @ 27k
/ 14.2k



| Lesser Clarity Potion | 2 | 140 |
| Orb of Venom | 1 | 325 |
| Boots of Speed | 4 | 1000 |
| Staff of Teleportation | 3 | 450 |
| Healing Salve | 3 | 300 |
| Orb of Lightning | 2 | 750 |
| Staff of Sanctuary | 3 | 750 |
| total: | 18 | 3715g |
| Wisp | 32 | 1920 | / | 0 |
| Goblin Shredder | 2 | 750 | / | 200 |
| Goblin Zeppelin | 1 | 240 | / | 60 |
| total: | 35 | 2910g | / | 260w |
| Altar of Elders | 1 | 180 | / | 50 |
| Moon Well | 24 | 4320 | / | 960 |
| Hunter's Hall | 1 | 210 | / | 100 |
| Tree of Life | 7 | 2380 | / | 1295 |
| Ancient of Wonders | 4 | 360 | / | 120 |
| Tree of Ages | 1 | 320 | / | 180 |
| Tree of Eternity | 2 | 660 | / | 400 |
| total: | 37 | 7450g | / | 2525w |
| 0:05 | Wisp |
| 0:05 | Wisp |
| 0:16 | Altar of Elders |
| 0:22 | Moon Well |
| 0:26 | Wisp |
| 0:41 | Wisp |
| 0:43 | Wisp |
| 1:04 | Wisp |
| 1:05 | Wisp |
| 1:21 | Wisp |
| 1:34 | Moon Well |
| 1:38 | Wisp |
| 1:38 | Wisp |
| 1:58 | Wisp |
| 2:20 | Shadow Strike |
| 2:32 | Moon Well |
| 2:35 | Moon Well |
| 2:55 | Wisp |
| 3:11 | Wisp |
| 3:11 | Wisp |
| 3:40 | Tree of Ages |
| 4:43 | Moon Well |
| 4:58 | Hunter's Hall |
| 5:10 | Blink |
| 5:44 | Moon Well |
| 5:45 | Moon Well |
| 6:02 | Goblin Shredder |
| 6:28 | Tree of Life |
| 6:58 | Boots of Speed |
| 7:27 | Tree of Eternity |
| 7:35 | Tree of Eternity |
| 8:18 | Tree of Life |
| 8:37 | Shadow Strike |
| 8:52 | Ancient of Wonders |
| 8:53 | Ancient of Wonders |
| 9:06 | Ancient of Wonders |
| 9:13 | Ancient of Wonders |
| 9:46 | Staff of Teleportation |
| 9:57 | Lesser Clarity Potion |
| 9:59 | Healing Salve |
| 10:05 | Entangling Roots |
| 10:11 | Nature's Blessing |
| 10:41 | Wisp |
| 10:41 | Wisp |
| 10:42 | Wisp |
| 10:42 | Wisp |
| 10:42 | Wisp |
| 10:57 | Well Spring |
| 10:58 | Ultravision |
| 11:06 | Wisp |
| 11:06 | Wisp |
| 11:06 | Wisp |
| 11:07 | Wisp |
| 11:14 | Wisp |
| 11:17 | Tree of Life |
| 12:39 | Force of Nature |
| 13:05 | Trueshot Aura |
| 13:29 | Healing Salve |
| 13:30 | Orb of Lightning |
| 13:30 | Lesser Clarity Potion |
| 13:31 | Healing Salve |
| 13:37 | Boots of Speed |
| 13:38 | Staff of Teleportation |
| 13:38 | Boots of Speed |
| 14:05 | Wisp |
| 14:05 | Wisp |
| 14:05 | Wisp |
| 14:05 | Wisp |
| 14:05 | Wisp |
| 14:37 | Goblin Zeppelin |
| 14:38 | Goblin Shredder |
| 15:42 | Strength of the Wild |
| 15:42 | Strength of the Moon |
| 15:42 | Moon Armor |
| 15:42 | Reinforced Hides |
| 16:50 | Blink |
| 17:35 | Orb of Lightning |
| 17:43 | Scout |
| 18:31 | Orb of Venom |
| 18:57 | Moon Well |
| 18:58 | Moon Well |
| 18:59 | Moon Well |
| 18:59 | Moon Well |
| 19:01 | Moon Well |
| 19:02 | Moon Well |
| 19:03 | Moon Well |
| 19:03 | Moon Well |
| 19:30 | Entangling Roots |
| 20:01 | Moon Well |
| 20:02 | Moon Well |
| 20:02 | Moon Well |
| 21:54 | Trueshot Aura |
| 22:17 | Staff of Sanctuary |
| 22:24 | Staff of Sanctuary |
| 22:50 | Moon Well |
| 22:51 | Moon Well |
| 22:52 | Moon Well |
| 22:53 | Moon Well |
| 22:53 | Moon Well |
| 23:10 | Tree of Life |
| 23:25 | Blink |
| 24:22 | Thorns Aura |
| 24:31 | Boots of Speed |
| 24:36 | Staff of Teleportation |
| 24:46 | Staff of Sanctuary |
| 26:16 | Wisp |
| 26:16 | Wisp |
| 26:17 | Wisp |
| 27:39 | Scout |
| 28:09 | Tree of Life |
| 28:11 | Tree of Life |
| 29:58 | Shadow Strike |
| 30:50 | Entangling Roots |
| 31:50 | Trueshot Aura |
| 32:52 | Tree of Life |
| 33:38 | Moon Well |
| Right click | 1868 |
| Select group | 490 |
| Select | 322 |
| Resource trade | 192 |
| Misc. action | 155 |
| Use ability | 141 |
| Build/train/purchase | 106 |
| Chat | 46 |
| Item give/drop | 16 |
| Assign group | 13 |
| Esc | 5 |


| Healing Salve | 2 | 200 |
| Orb of Lightning | 2 | 750 |
| Boots of Speed | 2 | 500 |
| Staff of Teleportation | 2 | 300 |
| Staff of Sanctuary | 1 | 250 |
| total: | 9 | 2000g |
| Peon | 20 | 1500 | / | 0 |
| Troll Batrider | 18 | 2880 | / | 720 |
| total: | 38 | 4380g | / | 720w |
| Watch Tower | 55 | 6050 | / | 4400 |
| Altar of Storms | 1 | 180 | / | 50 |
| Orc Burrow | 3 | 480 | / | 120 |
| War Mill | 2 | 410 | / | 0 |
| Voodoo Lounge | 4 | 520 | / | 120 |
| Great Hall | 2 | 770 | / | 370 |
| Beastiary | 5 | 725 | / | 700 |
| Stronghold | 1 | 315 | / | 190 |
| Fortress | 1 | 325 | / | 190 |
| total: | 72 | 9135g | / | 5760w |
| 0:03 | Peon |
| 0:03 | Peon |
| 0:07 | Altar of Storms |
| 0:19 | Orc Burrow |
| 0:26 | Peon |
| 0:44 | Peon |
| 0:50 | War Mill |
| 0:51 | War Mill |
| 0:55 | Peon |
| 1:06 | Voodoo Lounge |
| 1:17 | Peon |
| 1:30 | Peon |
| 1:45 | Peon |
| 1:49 | Orc Burrow |
| 2:05 | Watch Tower |
| 2:08 | Wind Walk |
| 2:09 | Peon |
| 2:15 | Healing Salve |
| 2:20 | Peon |
| 2:32 | Peon |
| 2:41 | Watch Tower |
| 2:52 | Watch Tower |
| 3:02 | Peon |
| 3:03 | Peon |
| 3:13 | Watch Tower |
| 3:35 | Peon |
| 3:51 | Watch Tower |
| 4:05 | Stronghold |
| 4:10 | Voodoo Lounge |
| 4:18 | Voodoo Lounge |
| 4:45 | Watch Tower |
| 5:06 | Critical Strike |
| 5:26 | Watch Tower |
| 5:28 | Watch Tower |
| 5:30 | Watch Tower |
| 5:34 | Orc Burrow |
| 6:19 | Healing Salve |
| 6:31 | Spiked Barricades |
| 6:31 | Reinforced Defenses |
| 6:36 | Beastiary |
| 6:40 | Watch Tower |
| 6:46 | Watch Tower |
| 6:51 | Watch Tower |
| 7:28 | Hex |
| 7:39 | Boots of Speed |
| 7:40 | Staff of Teleportation |
| 7:42 | Boots of Speed |
| 8:01 | Watch Tower |
| 8:32 | Peon |
| 8:32 | Peon |
| 8:43 | Fortress |
| 9:00 | Great Hall |
| 9:13 | Watch Tower |
| 9:53 | Wind Walk |
| 10:01 | Watch Tower |
| 10:15 | Beastiary |
| 10:18 | Beastiary |
| 10:21 | Watch Tower |
| 10:28 | Healing Wave |
| 11:00 | Watch Tower |
| 11:02 | Watch Tower |
| 11:05 | Watch Tower |
| 11:07 | Liquid Fire |
| 11:09 | Watch Tower |
| 11:11 | Watch Tower |
| 11:49 | Beastiary |
| 11:53 | Watch Tower |
| 11:55 | Peon |
| 11:55 | Peon |
| 11:55 | Peon |
| 11:55 | Peon |
| 12:38 | Watch Tower |
| 12:40 | Watch Tower |
| 12:43 | Watch Tower |
| 12:46 | Beastiary |
| 12:53 | Steel Ranged Weapons |
| 12:53 | Steel Armor |
| 12:53 | Improved Spiked Barricades |
| 12:59 | Watch Tower |
| 13:08 | Orb of Lightning |
| 13:16 | Staff of Sanctuary |
| 13:47 | Watch Tower |
| 13:55 | Watch Tower |
| 13:56 | Watch Tower |
| 14:13 | Watch Tower |
| 14:21 | Troll Batrider |
| 14:52 | Watch Tower |
| 14:59 | Troll Batrider |
| 15:20 | Watch Tower |
| 16:50 | Troll Batrider |
| 17:03 | Watch Tower |
| 17:05 | Watch Tower |
| 17:07 | Watch Tower |
| 17:10 | Watch Tower |
| 17:38 | Healing Wave |
| 17:41 | Troll Batrider |
| 18:18 | Troll Batrider |
| 18:36 | Critical Strike |
| 18:47 | Watch Tower |
| 19:20 | Watch Tower |
| 19:22 | Watch Tower |
| 19:28 | Watch Tower |
| 19:29 | Troll Batrider |
| 19:30 | Thorium Ranged Weapons |
| 19:31 | Thorium Armor |
| 19:49 | Watch Tower |
| 19:51 | Watch Tower |
| 20:08 | Orb of Lightning |
| 20:37 | Troll Batrider |
| 20:37 | Troll Batrider |
| 21:33 | Troll Batrider |
| 22:01 | Watch Tower |
| 22:48 | Troll Batrider |
| 23:10 | Staff of Teleportation |
| 23:17 | Watch Tower |
| 23:27 | Watch Tower |
| 23:29 | Watch Tower |
| 23:50 | Troll Batrider |
| 23:59 | Arcanite Ranged Weapons |
| 23:59 | Arcanite Armor |
| 24:01 | Watch Tower |
| 24:03 | Hex |
| 24:31 | Watch Tower |
| 24:33 | Watch Tower |
| 25:21 | Troll Batrider |
| 25:22 | Troll Batrider |
| 25:51 | Wind Walk |
| 25:59 | Watch Tower |
| 26:01 | Watch Tower |
| 26:08 | Troll Batrider |
| 26:09 | Troll Batrider |
| 26:12 | Troll Batrider |
| 27:10 | Watch Tower |
| 27:12 | Watch Tower |
| 27:40 | Troll Batrider |
| 27:41 | Troll Batrider |
| 28:27 | Healing Wave |
| 31:02 | Bladestorm |
| 33:29 | Watch Tower |
| 34:32 | Great Hall |
| 35:23 | Watch Tower |
| 35:25 | Voodoo Lounge |
| Right click | 2461 |
| Select group | 708 |
| Select | 654 |
| Misc. action | 235 |
| Use ability | 211 |
| Build/train/purchase | 126 |
| Chat | 44 |
| Assign group | 21 |
| Item give/drop | 6 |
| Minimap ping | 4 |
| Esc | 3 |
| Remove unit | 2 |



| Lesser Clarity Potion | 1 | 70 |
| Staff of Sanctuary | 3 | 750 |
| Potion of Healing | 1 | 150 |
| Potion of Mana | 2 | 400 |
| Boots of Speed | 3 | 750 |
| Staff of Teleportation | 3 | 450 |
| Periapt of Vitality | 1 | 325 |
| Circlet of Nobility | 1 | 175 |
| Healing Salve | 4 | 400 |
| Orb of Lightning | 2 | 750 |
| Orb of Venom | 1 | 325 |
| total: | 22 | 4545g |
| Peasant | 18 | 1350 | / | 0 |
| Priest | 1 | 135 | / | 10 |
| Sorceress | 1 | 155 | / | 20 |
| total: | 20 | 1640g | / | 30w |
| Scout Tower | 98 | 2940 | / | 1960 |
| Arcane Tower | 10 | 700 | / | 500 |
| Guard Tower | 39 | 2730 | / | 1950 |
| Altar of Kings | 1 | 180 | / | 50 |
| Farm | 5 | 400 | / | 100 |
| Lumber Mill | 1 | 120 | / | 0 |
| Town Hall | 2 | 770 | / | 410 |
| Arcane Vault | 2 | 260 | / | 60 |
| Arcane Sanctum | 1 | 150 | / | 140 |
| Keep | 1 | 320 | / | 210 |
| Castle | 1 | 360 | / | 210 |
| total: | 110 | 4820g | / | 2720w |
| 0:02 | Peasant |
| 0:02 | Peasant |
| 0:08 | Altar of Kings |
| 0:17 | Peasant |
| 0:18 | Farm |
| 0:36 | Peasant |
| 0:39 | Farm |
| 0:41 | Peasant |
| 0:46 | Peasant |
| 1:04 | Lumber Mill |
| 1:06 | Peasant |
| 1:11 | Scout Tower |
| 1:12 | Peasant |
| 1:22 | Peasant |
| 1:30 | Scout Tower |
| 1:38 | Arcane Tower |
| 1:51 | Scout Tower |
| 1:52 | Scout Tower |
| 1:53 | Peasant |
| 2:06 | Blizzard |
| 2:09 | Guard Tower |
| 2:22 | Scout Tower |
| 2:37 | Peasant |
| 2:38 | Peasant |
| 2:38 | Guard Tower |
| 2:39 | Improved Masonry |
| 2:51 | Peasant |
| 3:09 | Peasant |
| 3:24 | Scout Tower |
| 3:24 | Guard Tower |
| 3:27 | Brilliance Aura |
| 3:31 | Guard Tower |
| 3:50 | Scout Tower |
| 3:50 | Scout Tower |
| 3:59 | Keep |
| 4:01 | Guard Tower |
| 4:10 | Boots of Speed |
| 4:10 | Staff of Teleportation |
| 4:27 | Farm |
| 4:27 | Farm |
| 4:31 | Scout Tower |
| 4:32 | Scout Tower |
| 4:38 | Healing Salve |
| 5:02 | Staff of Teleportation |
| 5:26 | Guard Tower |
| 6:14 | Town Hall |
| 6:20 | Scout Tower |
| 6:21 | Scout Tower |
| 6:21 | Scout Tower |
| 6:22 | Scout Tower |
| 6:24 | Scout Tower |
| 6:24 | Scout Tower |
| 6:25 | Scout Tower |
| 6:26 | Scout Tower |
| 6:26 | Scout Tower |
| 6:27 | Scout Tower |
| 6:28 | Scout Tower |
| 6:29 | Scout Tower |
| 6:36 | Farm |
| 6:51 | Guard Tower |
| 7:23 | Guard Tower |
| 7:24 | Arcane Tower |
| 7:24 | Guard Tower |
| 7:52 | Storm Bolt |
| 8:03 | Castle |
| 8:05 | Guard Tower |
| 8:16 | Arcane Tower |
| 8:29 | Advanced Masonry |
| 8:35 | Healing Salve |
| 8:35 | Lesser Clarity Potion |
| 8:51 | Scout Tower |
| 8:52 | Scout Tower |
| 8:54 | Scout Tower |
| 9:20 | Guard Tower |
| 9:23 | Guard Tower |
| 9:57 | Arcane Tower |
| 10:00 | Arcane Sanctum |
| 10:01 | Improved Lumber Harvesting |
| 10:08 | Guard Tower |
| 10:21 | Boots of Speed |
| 10:53 | Blizzard |
| 11:06 | Scout Tower |
| 11:06 | Scout Tower |
| 11:07 | Scout Tower |
| 11:08 | Scout Tower |
| 11:08 | Scout Tower |
| 11:08 | Scout Tower |
| 11:09 | Scout Tower |
| 11:09 | Scout Tower |
| 11:11 | Imbued Masonry |
| 11:12 | Advanced Lumber Harvesting |
| 11:48 | Arcane Vault |
| 11:49 | Arcane Vault |
| 11:56 | Holy Light |
| 12:12 | Guard Tower |
| 12:14 | Magic Sentry |
| 12:14 | Priest |
| 12:15 | Priest Adept Training |
| 12:15 | Sorceress |
| 12:16 | Sorceress Adept Training |
| 12:24 | Bash |
| 12:31 | Healing Salve |
| 12:35 | Healing Salve |
| 12:37 | Orb of Lightning |
| 12:43 | Orb of Venom |
| 13:03 | Peasant |
| 13:03 | Peasant |
| 13:03 | Peasant |
| 13:21 | Guard Tower |
| 13:31 | Staff of Sanctuary |
| 13:35 | Potion of Healing |
| 13:46 | Guard Tower |
| 14:08 | Town Hall |
| 14:11 | Scout Tower |
| 14:12 | Scout Tower |
| 14:13 | Scout Tower |
| 14:13 | Scout Tower |
| 14:14 | Scout Tower |
| 14:14 | Scout Tower |
| 14:15 | Scout Tower |
| 14:15 | Scout Tower |
| 14:16 | Scout Tower |
| 14:16 | Scout Tower |
| 14:17 | Scout Tower |
| 14:17 | Scout Tower |
| 14:18 | Scout Tower |
| 14:18 | Scout Tower |
| 14:19 | Scout Tower |
| 14:19 | Scout Tower |
| 14:27 | Scout Tower |
| 14:27 | Scout Tower |
| 14:28 | Scout Tower |
| 14:28 | Scout Tower |
| 14:29 | Scout Tower |
| 14:29 | Scout Tower |
| 14:29 | Scout Tower |
| 14:30 | Scout Tower |
| 14:31 | Scout Tower |
| 14:31 | Scout Tower |
| 14:32 | Scout Tower |
| 14:40 | Staff of Sanctuary |
| 14:50 | Orb of Lightning |
| 15:14 | Guard Tower |
| 15:35 | Guard Tower |
| 16:51 | Divine Shield |
| 17:20 | Guard Tower |
| 17:23 | Arcane Tower |
| 17:23 | Guard Tower |
| 17:24 | Guard Tower |
| 17:42 | Arcane Tower |
| 17:45 | Arcane Tower |
| 17:52 | Staff of Sanctuary |
| 18:31 | Staff of Teleportation |
| 18:51 | Guard Tower |
| 18:56 | Guard Tower |
| 18:57 | Scout Tower |
| 18:57 | Scout Tower |
| 18:58 | Scout Tower |
| 18:58 | Scout Tower |
| 18:59 | Scout Tower |
| 18:59 | Scout Tower |
| 18:59 | Scout Tower |
| 19:00 | Scout Tower |
| 19:02 | Scout Tower |
| 19:03 | Scout Tower |
| 19:04 | Scout Tower |
| 19:04 | Scout Tower |
| 19:05 | Scout Tower |
| 19:05 | Scout Tower |
| 19:06 | Scout Tower |
| 19:09 | Scout Tower |
| 19:11 | Scout Tower |
| 19:11 | Scout Tower |
| 19:11 | Scout Tower |
| 19:25 | Arcane Tower |
| 19:53 | Potion of Mana |
| 19:53 | Potion of Mana |
| 20:06 | Arcane Tower |
| 20:06 | Guard Tower |
| 20:20 | Guard Tower |
| 20:25 | Peasant |
| 21:22 | Holy Light |
| 21:23 | Brilliance Aura |
| 22:20 | Guard Tower |
| 22:23 | Storm Bolt |
| 22:38 | Guard Tower |
| 22:39 | Scout Tower |
| 22:40 | Scout Tower |
| 22:40 | Scout Tower |
| 23:15 | Divine Shield |
| 23:50 | Bash |
| 24:13 | Boots of Speed |
| 24:21 | Scout Tower |
| 24:22 | Scout Tower |
| 24:22 | Scout Tower |
| 24:23 | Scout Tower |
| 24:23 | Scout Tower |
| 24:25 | Scout Tower |
| 24:26 | Scout Tower |
| 24:26 | Scout Tower |
| 24:27 | Scout Tower |
| 24:33 | Guard Tower |
| 24:34 | Scout Tower |
| 24:34 | Scout Tower |
| 24:35 | Scout Tower |
| 24:35 | Scout Tower |
| 24:40 | Blizzard |
| 24:48 | Periapt of Vitality |
| 24:53 | Circlet of Nobility |
| 26:17 | Guard Tower |
| 26:19 | Guard Tower |
| 26:31 | Scout Tower |
| 26:32 | Scout Tower |
| 26:33 | Scout Tower |
| 26:46 | Holy Light |
| 27:11 | Guard Tower |
| 27:13 | Guard Tower |
| 28:56 | Storm Bolt |
| 30:38 | Mass Teleport |
| 31:20 | Divine Shield |
| 31:30 | Guard Tower |
| 33:07 | Guard Tower |
| 35:41 | Avatar |
| Right click | 3178 |
| Select | 1075 |
| Select group | 587 |
| Chat | 242 |
| Build/train/purchase | 201 |
| Use ability | 165 |
| Misc. action | 40 |
| Assign group | 16 |
| Resource trade | 16 |
| Minimap ping | 12 |
| Item give/drop | 5 |
| Remove unit | 1 |



| Staff of Sanctuary | 3 | 750 |
| Orb of Fire | 1 | 325 |
| Scroll of Regeneration | 2 | 200 |
| Boots of Speed | 3 | 750 |
| Staff of Teleportation | 3 | 450 |
| Periapt of Vitality | 1 | 325 |
| Circlet of Nobility | 1 | 175 |
| Orb of Venom | 2 | 650 |
| total: | 16 | 3625g |
| Peasant | 16 | 1200 | / | 0 |
| Priest | 1 | 135 | / | 10 |
| Goblin Zeppelin | 1 | 240 | / | 60 |
| total: | 18 | 1575g | / | 70w |
| Scout Tower | 140 | 4200 | / | 2800 |
| Arcane Tower | 8 | 560 | / | 400 |
| Guard Tower | 44 | 3080 | / | 2200 |
| Altar of Kings | 1 | 180 | / | 50 |
| Lumber Mill | 1 | 120 | / | 0 |
| Farm | 5 | 400 | / | 100 |
| Arcane Vault | 4 | 520 | / | 120 |
| Arcane Sanctum | 1 | 150 | / | 140 |
| Keep | 2 | 640 | / | 420 |
| Castle | 2 | 720 | / | 420 |
| total: | 152 | 5570g | / | 3210w |
| 0:04 | Peasant |
| 0:05 | Altar of Kings |
| 0:09 | Peasant |
| 0:14 | Peasant |
| 0:21 | Lumber Mill |
| 0:22 | Peasant |
| 0:32 | Farm |
| 0:53 | Peasant |
| 1:05 | Peasant |
| 1:10 | Farm |
| 1:13 | Peasant |
| 1:22 | Scout Tower |
| 1:25 | Improved Masonry |
| 1:33 | Scout Tower |
| 1:34 | Scout Tower |
| 1:42 | Peasant |
| 1:53 | Scout Tower |
| 1:57 | Scout Tower |
| 1:57 | Scout Tower |
| 1:59 | Arcane Tower |
| 2:03 | Peasant |
| 2:08 | Peasant |
| 2:12 | Arcane Tower |
| 2:17 | Blizzard |
| 2:23 | Peasant |
| 2:28 | Guard Tower |
| 2:30 | Scout Tower |
| 2:32 | Scout Tower |
| 2:37 | Peasant |
| 2:48 | Peasant |
| 2:53 | Arcane Tower |
| 2:56 | Scout Tower |
| 2:59 | Guard Tower |
| 3:16 | Peasant |
| 3:27 | Scout Tower |
| 3:28 | Scout Tower |
| 3:29 | Guard Tower |
| 3:37 | Scout Tower |
| 3:38 | Guard Tower |
| 3:56 | Keep |
| 4:21 | Brilliance Aura |
| 4:27 | Guard Tower |
| 4:29 | Scout Tower |
| 4:29 | Scout Tower |
| 4:50 | Scout Tower |
| 4:51 | Guard Tower |
| 5:25 | Guard Tower |
| 5:27 | Scout Tower |
| 5:30 | Scout Tower |
| 5:30 | Scout Tower |
| 5:33 | Scout Tower |
| 5:34 | Scout Tower |
| 5:34 | Scout Tower |
| 5:35 | Scout Tower |
| 5:35 | Scout Tower |
| 5:35 | Scout Tower |
| 5:41 | Farm |
| 5:41 | Scout Tower |
| 5:49 | Scout Tower |
| 5:50 | Guard Tower |
| 5:59 | Boots of Speed |
| 5:59 | Staff of Teleportation |
| 6:15 | Arcane Tower |
| 6:16 | Guard Tower |
| 6:30 | Scout Tower |
| 6:31 | Scout Tower |
| 6:38 | Farm |
| 6:44 | Arcane Vault |
| 6:50 | Guard Tower |
| 6:53 | Scout Tower |
| 7:11 | Guard Tower |
| 7:32 | Storm Bolt |
| 7:37 | Guard Tower |
| 7:40 | Scout Tower |
| 7:40 | Scout Tower |
| 7:43 | Scout Tower |
| 7:44 | Peasant |
| 7:45 | Peasant |
| 7:48 | Arcane Tower |
| 7:56 | Scout Tower |
| 8:06 | Scout Tower |
| 8:06 | Guard Tower |
| 8:30 | Guard Tower |
| 8:32 | Scout Tower |
| 8:32 | Scout Tower |
| 8:56 | Guard Tower |
| 8:58 | Arcane Vault |
| 9:00 | Scout Tower |
| 9:01 | Scout Tower |
| 9:01 | Scout Tower |
| 9:10 | Guard Tower |
| 9:11 | Scout Tower |
| 9:12 | Scout Tower |
| 9:40 | Castle |
| 9:44 | Scout Tower |
| 9:49 | Scout Tower |
| 9:49 | Scout Tower |
| 9:52 | Bash |
| 9:58 | Blizzard |
| 10:03 | Scout Tower |
| 10:04 | Guard Tower |
| 10:19 | Boots of Speed |
| 10:21 | Staff of Teleportation |
| 10:36 | Scout Tower |
| 10:37 | Scout Tower |
| 10:48 | Guard Tower |
| 10:50 | Scout Tower |
| 10:50 | Scout Tower |
| 10:52 | Guard Tower |
| 10:54 | Scout Tower |
| 10:54 | Scout Tower |
| 11:06 | Guard Tower |
| 11:55 | Guard Tower |
| 12:40 | Guard Tower |
| 12:53 | Arcane Sanctum |
| 13:09 | Orb of Venom |
| 13:19 | Arcane Vault |
| 13:24 | Holy Light |
| 13:33 | Scout Tower |
| 13:33 | Scout Tower |
| 13:34 | Scout Tower |
| 13:35 | Scout Tower |
| 13:35 | Scout Tower |
| 13:36 | Scout Tower |
| 13:37 | Scout Tower |
| 13:37 | Scout Tower |
| 13:38 | Scout Tower |
| 13:38 | Scout Tower |
| 13:38 | Scout Tower |
| 13:39 | Scout Tower |
| 13:39 | Scout Tower |
| 13:43 | Arcane Vault |
| 13:46 | Scout Tower |
| 13:47 | Scout Tower |
| 13:48 | Scout Tower |
| 14:01 | Advanced Masonry |
| 14:01 | Improved Lumber Harvesting |
| 14:05 | Magic Sentry |
| 14:07 | Scout Tower |
| 14:08 | Scout Tower |
| 14:09 | Scout Tower |
| 14:10 | Scout Tower |
| 14:49 | Arcane Tower |
| 14:49 | Guard Tower |
| 14:57 | Goblin Zeppelin |
| 15:30 | Guard Tower |
| 15:39 | Farm |
| 15:55 | Staff of Sanctuary |
| 15:58 | Orb of Fire |
| 16:02 | Staff of Sanctuary |
| 16:07 | Scroll of Regeneration |
| 16:13 | Scout Tower |
| 16:15 | Scout Tower |
| 16:15 | Scout Tower |
| 16:16 | Scout Tower |
| 16:17 | Scout Tower |
| 16:17 | Scout Tower |
| 16:18 | Scout Tower |
| 16:19 | Scout Tower |
| 16:21 | Guard Tower |
| 16:22 | Scout Tower |
| 16:23 | Scout Tower |
| 16:24 | Scout Tower |
| 16:27 | Guard Tower |
| 16:45 | Scout Tower |
| 16:45 | Scout Tower |
| 16:46 | Scout Tower |
| 16:47 | Scout Tower |
| 16:53 | Boots of Speed |
| 16:53 | Staff of Teleportation |
| 16:59 | Scout Tower |
| 17:00 | Scout Tower |
| 17:00 | Scout Tower |
| 17:01 | Scout Tower |
| 17:02 | Scout Tower |
| 17:02 | Scout Tower |
| 17:05 | Guard Tower |
| 17:33 | Divine Shield |
| 17:35 | Storm Bolt |
| 17:55 | Priest Adept Training |
| 17:55 | Priest |
| 17:58 | Guard Tower |
| 18:02 | Guard Tower |
| 18:09 | Scout Tower |
| 18:09 | Scout Tower |
| 18:10 | Scout Tower |
| 18:10 | Scout Tower |
| 18:11 | Scout Tower |
| 18:12 | Scout Tower |
| 18:17 | Scroll of Regeneration |
| 18:25 | Staff of Sanctuary |
| 18:31 | Guard Tower |
| 18:34 | Scout Tower |
| 18:35 | Scout Tower |
| 18:35 | Scout Tower |
| 18:36 | Scout Tower |
| 18:36 | Scout Tower |
| 18:36 | Scout Tower |
| 18:37 | Scout Tower |
| 18:37 | Scout Tower |
| 18:42 | Orb of Venom |
| 19:05 | Guard Tower |
| 19:08 | Scout Tower |
| 19:09 | Scout Tower |
| 19:32 | Holy Light |
| 19:45 | Guard Tower |
| 19:47 | Scout Tower |
| 20:10 | Brilliance Aura |
| 20:11 | Guard Tower |
| 20:13 | Scout Tower |
| 20:15 | Guard Tower |
| 20:18 | Scout Tower |
| 20:19 | Scout Tower |
| 20:54 | Arcane Tower |
| 20:57 | Scout Tower |
| 21:07 | Scout Tower |
| 21:08 | Scout Tower |
| 21:08 | Scout Tower |
| 21:12 | Guard Tower |
| 21:17 | Scout Tower |
| 21:18 | Scout Tower |
| 21:20 | Scout Tower |
| 21:21 | Scout Tower |
| 21:22 | Scout Tower |
| 21:23 | Scout Tower |
| 21:23 | Scout Tower |
| 21:26 | Guard Tower |
| 21:30 | Scout Tower |
| 21:30 | Scout Tower |
| 21:32 | Scout Tower |
| 21:32 | Scout Tower |
| 21:49 | Periapt of Vitality |
| 22:04 | Circlet of Nobility |
| 22:21 | Arcane Tower |
| 22:23 | Guard Tower |
| 23:16 | Guard Tower |
| 23:18 | Scout Tower |
| 23:56 | Scout Tower |
| 23:56 | Scout Tower |
| 24:01 | Guard Tower |
| 24:38 | Bash |
| 26:26 | Blizzard |
| 26:57 | Guard Tower |
| 26:59 | Scout Tower |
| 27:00 | Scout Tower |
| 27:00 | Scout Tower |
| 27:01 | Scout Tower |
| 27:01 | Scout Tower |
| 27:02 | Scout Tower |
| 27:02 | Scout Tower |
| 27:03 | Scout Tower |
| 27:04 | Scout Tower |
| 27:05 | Scout Tower |
| 28:28 | Imbued Masonry |
| 28:28 | Advanced Lumber Harvesting |
| 28:50 | Divine Shield |
| 29:22 | Storm Bolt |
| 30:45 | Brilliance Aura |
| 32:29 | Guard Tower |
| 32:42 | Avatar |
| 33:09 | Holy Light |
| Right click | 1971 |
| Select group | 1326 |
| Assign group | 519 |
| Chat | 514 |
| Select | 440 |
| Use ability | 174 |
| Build/train/purchase | 154 |
| Misc. action | 65 |
| Item give/drop | 9 |
⇛